 Dungeon Crawl Stone Soup version 0.30-b1-2-g02819fbbbe (webtiles) character file.

Game seed: 13000798345945803199

3336 Megalobster the Cleaver (level 9, -1/105 HPs)
             Began as a Minotaur Berserker on Dec 28, 2023.
             Was an Elder of Trog.
             Slain by Erica
             ... wielding a +3 scimitar of flaming
              (6 damage)
             ... on level 8 of the Dungeon.
             The game lasted 00:16:35 (6795 turns).

Megalobster the Cleaver (Minotaur Berserker)        Turns: 6795, Time: 00:16:35

Health: -1/105     AC:  9    Str: 27    XL:     9   Next: 72%
Magic:  8/8        EV: 11    Int:  7    God:    Trog [****..]
Gold:   489        SH:  0    Dex:  6    Spells: 8/8 levels left

rFire   . . .        a - +0 war axe
rCold   . . .        (no shield)
rNeg    . . .        x - +2 robe "Ameenn" {+Blink Int+3 Dex-3}
rPois   +            (helmet restricted)
rElec   .            k - +0 cloak {rPois}
rCorr   .            (no gloves)
SInv    .            (no boots)
Will    .....        s - amulet of faith Stlth
                     K - +4 ring of protection
HPRegen 0.37/turn    (no ring)
MPRegen 0.11/turn

%: faith
@: confused, mighty, berserking (expiring), lethally poisoned (-1 -> -2), slowed
A: horns 2, retaliatory headbutt
a: Renounce Religion, Evoke Blink, Berserk, Trog's Hand, Brothers in Arms


You were on level 8 of the Dungeon.
You worshipped Trog.
Trog was greatly pleased with you.
You visited 1 branch of the dungeon, and saw 8 of its levels.
You also visited: Ossuary.

You collected 489 gold pieces.

Inventory:

Hand Weapons
 a - a +0 war axe (weapon)
 b - a +1 whip of venom
 t - a +2 mace of protection
Missiles
 d - 83 stones (quivered)
Armour
 c - a +0 chain mail
 e - a +0 leather armour
 f - a +0 scale mail of poison resistance
 g - a +0 animal skin
 k - a +0 cloak of poison resistance (worn)
 l - a +0 plate armour
 x - the +2 robe "Ameenn" (worn) {+Blink Int+3 Dex-3}
   (You found it on level 5 of the Dungeon)

   Int:       It affects your intelligence (+3).
   Dex:       It affects your dexterity (-3).
   +Blink:    It lets you blink.
 I - a +0 scale mail
Jewellery
 s - an amulet of faith (around neck)
 G - an amulet of reflection
 K - a +4 ring of protection (left hand)
Wands
 h - a wand of polymorph (3)
 j - a wand of roots (10)
Scrolls
 i - a scroll of vulnerability {unknown}
 m - 2 scrolls of amnesia
 p - 2 scrolls of blinking {unknown}
 q - 4 scrolls of enchant armour
 u - 2 scrolls of fog {unknown}
 v - 3 scrolls of teleportation
 w - a scroll of brand weapon {unknown}
 y - a scroll of enchant weapon {unknown}
 C - 2 scrolls of noise {unknown}
 F - 2 scrolls of magic mapping
 L - a scroll of fear {unknown}
Potions
 n - 3 potions of heal wounds
 o - a potion of brilliance {unknown}
 r - a potion of lignification
 z - a potion of haste {unknown}
 A - 2 potions of resistance {unknown}
 B - 2 potions of mutation {unknown}
 D - 2 potions of cancellation
 E - a potion of curing {unknown}
 H - a potion of attraction {unknown}
 J - 2 potions of might


   Skills:
 - Level 3.6 Fighting
 * Level 14.9 Axes
 + Level 6.2 Armour
 - Level 2.1 Dodging
 + Level 3.2 Evocations


You had 8 spell levels left.
You didn't know any spells.
Your spell library was empty.

Dungeon Overview and Level Annotations

Branches:
Dungeon (8/15)             Temple (0/1) D:4         Ossuary (visited)
   Lair: D:8-11

Altars:
Elyvilon
Qazlal
Vehumet
Wu Jian

Shops:
D:1 ?

Annotations:
D:8 Erica


Innate Abilities, Weirdness & Mutations

You have a pair of horns on your head.
You reflexively headbutt those who attack you in melee.


Message History

The killer bee stings you but does no damage. x2
You completely miss the killer bee. Your headbutt misses the killer bee.
Your punch misses the killer bee. You slash the killer bee!
You closely miss the killer bee. x2; You feel sick.
The killer bee stings you but does no damage.
The killer bee stings you. The killer bee barely misses you.
The killer bee stings you. x2; The killer bee barely misses you.
You closely miss something. You barely miss the killer bee.
You slash the killer bee! You hit the killer bee.
You feel sick. The killer bee barely misses you.
The killer bee completely misses you. You furiously retaliate!
You headbutt the killer bee!
You kill the killer bee!
Trog accepts your kill. The killer bee barely misses you.
You closely miss something. Your punch misses something.
You slash the killer bee! You closely miss the killer bee.
You slash the killer bee! The killer bee barely misses you.
The killer bee misses you. You furiously retaliate!
You headbutt the killer bee!
You kill the killer bee!
Trog accepts your kill.
The killer bee stings you but does no damage.
The killer bee barely misses you. The killer bee misses you.
You hear a zap.
Your will is overpowered!
You are confused.
You hit something. You miss the killer bee. You completely miss the killer bee.
You feel sick. The killer bee barely misses you. The killer bee stings you!
* * * LOW HITPOINT WARNING * * *
The killer bee stings you.
* * * LOW HITPOINT WARNING * * *
You hear a zap.
Your will is overpowered!
You are more confused.
The now-empty wand crumbles to dust.
The killer bee misses you.
You bump into the rock wall.
You feel sick. The killer bee barely misses you.
The killer bee stings you but does no damage. x2
Something hits you!!
* * * LOW HITPOINT WARNING * * *
Something burns you.
You die...

###..............
........##...#####
....#.#...........
........##<..#####
........##)..#
........##...#
....###..##...##
....####.##.....
.......y@..(.....
(.##...†{y.......#
.....##............
.### #..#####...##
#..# . ...# ###.#
#.# #.#


You could see 2 killer bees.

Vanquished Creatures
  A two-headed ogre (D:7)
  A wyvern (D:7)
  An orc warrior (D:7)
  2 ice beasts
  3 ogres
  A phantom (D:6)
  A kobold brigand (D:6)
  A bullfrog (D:6)
  2 scorpions (D:5)
  9 water moccasin zombies (Ossuary)
  10 killer bees
  A howler monkey (D:7)
  Crazy Yiuf (D:2)
  2 hounds
  A jelly (D:5)
  3 orc priests
  5 iguanas
  Natasha (thrice) (D:2)
  6 orc wizards
  2 mummies (Ossuary)
  Robin (D:2)
  5 adders
  A shadow imp (D:6)
  An ufetubus (D:7)
  7 adder zombies (Ossuary)
  3 dart slugs
  18 orcs
  5 ball pythons
  3 bats
  5 endoplasms
  4 giant cockroaches
  4 gnoll zombies (Ossuary)
  8 hobgoblins
  4 quokkas
  3 frilled lizards
  17 goblins
  4 hobgoblin zombies (Ossuary)
  9 kobolds
  6 orc zombies (Ossuary)
  7 rats
171 creatures vanquished.

Vanquished Creatures (others)
  A plant (D:8)
1 creature vanquished.

Grand Total: 172 creatures vanquished

Notes
Turn   | Place    | Note
-------+----------+-------------------------------------------
     0 | D:1      | Megalobster the Minotaur Berserker began the quest for the
                  | Orb.
     0 | D:1      | Reached XP level 1. HP: 19/19 MP: 0/0
     3 | D:1      | Found Tiskoi's Magic Scroll Boutique.
   210 | D:1      | Reached skill level 4 in Axes
   360 | D:1      | Reached XP level 2. HP: 26/26 MP: 1/1
   919 | D:2      | Noticed Natasha
   927 | D:2      | Killed Natasha
   928 | D:2      | Reached skill level 5 in Axes
   928 | D:2      | Reached XP level 3. HP: 31/31 MP: 2/2
   972 | D:2      | Found a faded altar of an unknown god.
   972 | D:2      | Noticed Robin
   983 | D:2      | Reached ** piety under Trog
   984 | D:2      | Killed Robin
   989 | D:2      | Reached XP level 4. HP: 24/39 MP: 3/3
  1051 | D:2      | Noticed Natasha
  1056 | D:2      | Killed Natasha
  1057 | D:2      | Reached skill level 6 in Axes
  1206 | D:2      | Noticed Natasha
  1211 | D:2      | Killed Natasha
  1300 | D:2      | Found a runed translucent door.
  1301 | D:2      | Noticed Crazy Yiuf
  1311 | D:2      | Killed Crazy Yiuf
  1312 | D:2      | Reached skill level 7 in Axes
  1312 | D:2      | Reached XP level 5. HP: 23/45 MP: 0/4
  2487 | D:3      | Reached *** piety under Trog
  2493 | D:3      | Reached skill level 8 in Axes
  2864 | D:4      | Reached XP level 6. HP: 51/51 MP: 5/5
  2864 | D:4      | Found a staircase to the Ecumenical Temple.
  3285 | D:5      | Entered Level 5 of the Dungeon
  3425 | D:5      | Found a sand-covered staircase.
  3431 | D:5      | Identified the +2 robe "Ameenn" {+Blink Int+3 Dex-3}
  3436 | Ossuary  | Entered an ossuary
  3463 | Ossuary  | Reached skill level 9 in Axes
  3477 | Ossuary  | Reached XP level 7. HP: 55/57 MP: 6/6
  3550 | Ossuary  | Reached **** piety under Trog
  3568 | Ossuary  | Reached skill level 10 in Axes
  3636 | Ossuary  | Reached skill level 11 in Axes
  3970 | D:5      | Reached XP level 8. HP: 64/64 MP: 7/7
  4317 | D:5      | Reached skill level 12 in Axes
  4846 | D:6      | Found a white marble altar of Elyvilon.
  5273 | D:6      | Reached skill level 13 in Axes
  5541 | D:6      | Found a faded altar of an unknown god.
  5541 | D:6      | Found a faded altar of an unknown god.
  5549 | D:6      | Found a stormy altar of Qazlal.
  5551 | D:6      | Found an ornate altar of the Wu Jian Council.
  5553 | D:6      | Found a radiant altar of Vehumet.
  6100 | D:7      | Reached XP level 9. HP: 58/70 MP: 8/8
  6249 | D:7      | Reached skill level 1 in Evocations
  6266 | D:7      | Reached ***** piety under Trog
  6267 | D:7      | Reached skill level 14 in Axes
  6507 | D:7      | Reached skill level 5 in Armour
  6561 | D:7      | Noticed a two-headed ogre
  6571 | D:7      | Killed a two-headed ogre
  6778 | D:8      | Noticed Erica
  6795 | D:8      | HP: 5/105 [something (18)]
  6795 | D:8      | Slain by Erica

Illustrated notes

Levels and vault maps discovered:
D:1:      ncdulo_lavacross, layout_loops_ring, serial_shops, shop
D:2:      layout_loops_ring, ebering_ecumenical_altar_rust, uniq_natasha,
          uniq_robin, uniq_crazy_yiuf_cottage
D:3:      layout_basic, gup_sewer_entry_spiral, guppyfry_early_orc_mine
D:4:      layout_rooms, minmay_temple_entry_waves
D:5:      layout_basic, lightli_ossuary_entry_decrepit_ruins
D:6:      layout_gridville, mainiacjoe_overflow_six_doors_small,
          chequers_temple_overflow_minitemple
D:7:      layout_rooms, kennysheep_generic_room_15
D:8:      nzn_winding_woodlands_medium [nzn_winding_woodlands_5x5_closed_star,
          nzn_winding_woodlands_5x15_lazy_stream,
          nzn_winding_woodlands_5x5_three,
          nzn_winding_woodlands_5x5_checkerboard,
          nzn_winding_woodlands_center_garden,
          nzn_winding_woodlands_5x5_perimeter,
          nzn_winding_woodlands_5x5_open_star,
          nzn_winding_woodlands_5x15_zeroes, nzn_winding_woodlands_5x5_default],
          layout_rooms, mainiacjoe_overflow_divided_tiny, serial_glass,
          glass_columns_a, glass_columns_a, nicolae_diode_stairs, uniq_erica

Skill      XL: |  1  2  3  4  5  6  7  8  9 |
---------------+----------------------------+-----
Axes           | 4 5 7 8 9 11 13 14 | 14.9
Armour         | 4 6 |  6.2
Evocations     | 3 |  3.2
Fighting       | |  3.6
Dodging        | |  2.1

Action                     |  1- 3 |  4- 6 |  7- 9 || total
---------------------------+-------+-------+-------++-------
  Melee: Hand axe          |    32 |     5 |       ||    37
         Headbutt          |     4 |    17 |    32 ||    53
         Unarmed           |     3 |       |       ||     3
         Whip              |       |    37 |     2 ||    39
         War axe           |       |   104 |   175 ||   279
         Punch             |       |     1 |     2 ||     3
  Throw: Stone             |     1 |       |       ||     1
 Invoke: Berserk           |     2 |     3 |     9 ||    14
         Trog's Hand       |       |       |     1 ||     1
  Evoke: Wand              |       |       |     1 ||     1
    Use: Scroll            |       |     3 |     6 ||     9
         Potion            |       |       |     2 ||     2
 Armour: Animal skin       |     2 |       |       ||     2
         Leather armour    |     8 |    26 |    16 ||    50
         Robe              |       |       |    17 ||    17
  Dodge: Dodged            |    23 |    46 |   105 ||   174
